 Dungeon Crawl Stone Soup version 0.25-a0-565-g8875c97ebb (webtiles) character file.

Game seed: 13249358985287449697, levelgen mode: deterministic

221 Elec the Insei (level 5, -7/40 HPs)
             Began as a Demigod Transmuter on Feb 26, 2020.
             Mangled by an ogre
             ... wielding a +0 giant spiked club
              (12 damage)
             ... on level 4 of the Dungeon.
             The game lasted 00:39:27 (3040 turns).

Elec the Insei (Demigod Transmuter)                 Turns: 3040, Time: 00:39:27

Health: -7/40      AC:  8    Str: 13    XL:     5   Next: 37%
Magic:  10/10      EV:  7    Int: 17    God:
Gold:   140        SH:  0    Dex: 18    Spells: 6/7 levels left

rFire    . . .     SeeInvis .   m - +2 whip (venom)
rCold    . . .     Gourm    .   (no shield)
rNeg     . . .     Faith    +   B - +0 chain mail
rPois    .         Spirit   .   (no helmet)
rElec    .         Reflect  .   (no cloak)
rCorr    .         Harm     .   (no gloves)
MR       .....                  (no boots)
Stlth    ..........             K - amulet of faith
HPRegen  0.13/turn              (no ring)
MPRegen  0.12/turn              (no ring)

@: no status effects
A: high mp 1
a: no special abilities


You were on level 4 of the Dungeon.
You were not hungry.

You visited 1 branch of the dungeon, and saw 4 of its levels.

You collected 140 gold pieces.

Inventory:

Hand Weapons
 c - a +0 short sword
 g - a +0 dagger
 i - a +0 dagger
 j - a +0 whip
 l - a +0 whip of freezing
 m - a +2 whip of venom (weapon)
 o - a +0 dagger
 q - a +0 club
 r - a +0 glaive
 v - a +0 hand axe
 w - a +0 flail
 y - a +0 dagger
 C - a +0 club
 D - a +0 dagger
 E - a +2 hand axe of venom
 H - a +0 mace
 J - a +0 short sword
 L - a +0 falchion
 N - a +0 short sword
 P - a +0 flail
Missiles
 a - 12 arrows
 k - 30 stones
 n - 37 sling bullets
 z - 4 silver boomerangs (quivered)
 Q - 6 atropa-tipped darts
Armour
 b - a +0 robe
 e - a +0 ring mail
 f - a +0 scale mail
 u - a +0 leather armour
 x - a +0 leather armour
 A - a +0 leather armour
 B - a +0 chain mail (worn)
 F - a +0 robe
 O - a +0 leather armour
 S - a +0 chain mail
Jewellery
 K - an amulet of faith (around neck)
Scrolls
 p - a scroll of magic mapping {unknown}
 s - a scroll of teleportation {unknown}
 t - 2 scrolls of identify
 G - a scroll of fear {unknown}
Potions
 h - 3 potions of might {unknown}
 I - a potion of resistance {unknown}
 R - a potion of haste {unknown}
Comestibles
 d - 5 rations


   Skills:
 + Level 1.6 Fighting
 + Level 1.5 Short Blades
 + Level 2.1 Maces & Flails
 + Level 2.3 Armour
 + Level 2.5 Dodging
 + Level 0.2 Stealth
 + Level 3.2 Unarmed Combat
 + Level 1.8 Spellcasting
 + Level 1.8 Transmutations


You had 6 spell levels left.
You knew the following spells:

 Your Spells              Type           Power        Failure   Level  Hunger
a - Beastly Appendage     Tmut           #.....       96%         1    #......

Your spell library contained the following spells:

 Spells                   Type           Power        Failure   Level  Hunger
 Sticks to Snakes         Tmut           #.......     99%         2    ###....
 Confusing Touch          Hex            #.......     100%        3    ###....
 Gell's Gravitas          Tloc           #.........   100%        3    ###....
 Spider Form              Tmut/Pois      #.........   100%        3    ###....
 Ice Form                 Ice/Tmut       #.......     100%        4    #####..
 Petrify                  Tmut/Erth      #.......     100%        4    #####..
 Blade Hands              Tmut           #.........   100%        5    ######.
 Metabolic Englaciation   Hex/Ice        #.........   100%        5    ######.
 Yara's Violent Unravell  Hex/Tmut       #.........   100%        5    ######.


Dungeon Overview and Level Annotations

Branches:
Dungeon (4/15)
 Temple: D:4-7

Shops:
D:4 (


Innate Abilities, Weirdness & Mutations

You have an increased reservoir of magic. (+10% MP)


Message History

You now have 140 gold pieces (gained 18).
You see here a chain mail.
S - a chain mail
There is an open door here.
All of the chunks of flesh in your inventory have rotted away.
You open the door.
There is an open door here.
An ogre comes into view. It is wielding a +0 giant spiked club.
The ogre shouts!
You hit the ogre but do no damage.
The ogre is poisoned.
The ogre hits you with a +0 giant spiked club!
You hit the ogre.
The ogre looks as sick as possible!
The ogre is lightly wounded.
The ogre hits you with a +0 giant spiked club!!
Ouch! That really hurt!
* * * LOW HITPOINT WARNING * * *
Your chain mail prevents you from hitting the ogre.
The ogre is lightly wounded.
The ogre hits you with a +0 giant spiked club!
You die...

<.......####.#
#....##.#..#.##
###..........#
##..##.#..#.##
#....#######
#..##.#..#.##
#..........#
#.##.#..#.##
###........#
###.#..#.##
#........#
##.#..#.##
#........#
#......##
##########
#'#.#..#
#@###.#..#
#.O.###.#..#
##....### #.
.#....# ##.##..
# #


You could see an ogre.

Vanquished Creatures
  A hound (D:4)
  2 orc priests
  An orc wizard (D:3)
  A worker ant (D:4)
  An adder (D:2)
  A worm (D:3)
  2 dart slugs
  A leopard gecko (D:4)
  9 orcs
  6 bats
  7 giant cockroaches
  3 goblins (D:1)
  4 hobgoblins
  2 jackals (D:3)
  5 kobolds
  A quokka (D:4)
  2 frilled lizards
  2 leopard gecko skeletons
  4 rats
55 creatures vanquished.

Notes
Turn   | Place    | Note
-------+----------+-------------------------------------------
     0 | D:1      | Elec the Demigod Transmuter began the quest for the Orb.
     0 | D:1      | Reached XP level 1. HP: 15/15 MP: 5/5
    57 | D:1      | Reached skill level 3 in Unarmed Combat
   364 | D:1      | Reached skill level 1 in Fighting
   497 | D:1      | Reached XP level 2. HP: 18/23 MP: 7/7
  1096 | D:1      | Reached skill level 1 in Short Blades
  1740 | D:2      | Reached XP level 3. HP: 19/28 MP: 8/8
  2258 | D:3      | Reached skill level 1 in Maces & Flails
  2258 | D:3      | Reached skill level 1 in Armour
  2258 | D:3      | Reached XP level 4. HP: 33/35 MP: 9/9
  2755 | D:4      | Found Zifuvolo's Weapon Emporium.
  2819 | D:4      | Reached XP level 5. HP: 40/40 MP: 10/10
  3037 | D:4      | Noticed an ogre
  3040 | D:4      | Mangled by an ogre

Levels and vault maps discovered:
D:1:      minmay_arrival_split_and_join, layout_loops_cross
D:2:      layout_basic, fiery_altar_vehumet, lightli_temple_of_fire,
          nicolae_overflow_hidden_temple, first_ration, grunt_decor_fettered
D:3:      minmay_angry_zag, layout_loops_cross, st_stairs_13
D:4:      minmay_razor_zed, layout_basic, serial_shops,
          nicolae_shop_behind_doors, nicolae_shop_behind_doors,
          hangedman_decor_growths

Skill      XL: |  1  2  3  4  5 |
---------------+----------------+-----
Unarmed Combat | 3 |  3.2
Fighting       | 1 |  1.6
Short Blades   | 1 |  1.5
Dodging        | 2 |  2.5
Maces & Flails | 1 2 |  2.1
Armour         | 1 2 |  2.3
Stealth        | |  0.2
Spellcasting   | |  1.8
Transmutations | |  1.8

Action                   |  1- 3 |  4- 6 || total
-------------------------+-------+-------++-------
Melee: Short sword       |    54 |       ||    54
       Unarmed           |    17 |       ||    17
       Whip              |    58 |    61 ||   119
       Punch             |     1 |     2 ||     3
  Use: Scroll            |     1 |       ||     1
  Eat: Ration            |     1 |       ||     1
       Chunk             |     1 |     2 ||     3
Armor: Robe              |     8 |       ||     8
       Scale mail        |    88 |       ||    88
       Chain mail        |     2 |    35 ||    37
Dodge: Dodged            |   101 |    25 ||   126

Table legend:
 A = Non-vault XP
 B = Vault XP
 C = Vault XP percentage of total XP
 D = Non-vault monster count
 E = Vault monster count
 F = Vault count percentage of total count
                 A         B        C        D         E       F
            +---------+---------+-------+---------+---------+-------
      Total |     257 |      59 |  18.7 |      46 |       9 |  16.4
            +---------+---------+-------+---------+---------+-------
        D:1 |      34 |       0 |   0.0 |      19 |       0 |   0.0
        D:2 |      20 |       0 |   0.0 |       4 |       0 |   0.0
        D:3 |     115 |      14 |  10.9 |      18 |       6 |  25.0
        D:4 |      88 |      45 |  33.8 |       5 |       3 |  37.5
            +---------+---------+-------+---------+---------+-------
